 Dungeon Crawl Stone Soup version 0.19.0-2-gae57169 (webtiles) character file.

125551 McCoppin the Executioner (level 16, -4/162 HPs)
             Began as a Minotaur Berserker on Nov 4, 2016.
             Was the Champion of Trog.
             Blown up by an orb spider (53 damage)
             ... with an orb of destruction
             ... on level 1 of the Spider Nest on Nov 6, 2016.
             The game lasted 01:43:00 (22847 turns).

McCoppin the Executioner (Minotaur Berserker)      Turns: 22847, Time: 01:43:01

Health: -4/162     AC: 23    Str: 26    XL:     16   Next: 41%
Magic:  15/15      EV: 12    Int:  5    God:    Trog [******]
Gold:   1977       SH:  4    Dex: 10    Spells: 0 memorised, 15 levels left

rFire  . . .     SeeInvis +     p - +8 executioner's axe (elec)
rCold  . . .     Gourm    .     Y - +0 plate armour {rPois}
rNeg   . . .     Faith    +     (shield currently unavailable)
rPois  +         Spirit   .     Z - +1 hat {MR+}
rElec  .         Reflect  .     J - +0 cloak
rCorr  .         Harm     .     b - +0 pair of gloves {archery}
MR     ++++.                    X - +2 pair of boots {run}
Stlth  ..........               U - amulet of faith
                                W - ring of see invisible
                                x - +2 ring of protection

@: regenerating, quick
A: retaliatory headbutt, hooves 1, horns 2, large bone plates 1, mutation
resistance 1, weak 1, wild magic 1
a: Berserk, Trog's Hand, Brothers in Arms, Burn Spellbooks, Renounce Religion


You were on level 1 of the Spider Nest.
You worshipped Trog.
Trog was exalted by your worship.
You were very hungry.

You visited 4 branches of the dungeon, and saw 24 of its levels.
You also visited: Labyrinth and Volcano.

You collected 2951 gold pieces.
You spent 974 gold pieces at shops.

Inventory:

Hand Weapons
 f - a +1 antimagic executioner's axe
 p - a +8 executioner's axe of electrocution (weapon)
 L - the +7 battleaxe of Imek {distort, +Blink rPois rN+ Int+3}
   (Trog gifted it to you on level 2 of the Orcish Mines)

   It warps and distorts space around it.
   Unwielding it can cause banishment or high damage.
   It affects your intelligence (+3).
   It protects you from poison.
   It protects you from negative energy.
   It lets you blink.
Armour
 b - a +0 pair of gloves of archery (worn)
 q - the +1 plate armour of Lugonu's Anger {rN++ Regen+ Int+4 Dex-5}
   (You bought it in a shop on level 2 of the Orcish Mines)

   It affects your intelligence (+4).
   It affects your dexterity (-5).
   It greatly protects you from negative energy.
   It increases your rate of regeneration.
 v - the +1 chain mail of the Forest {rElec rPois MR- Dex+3}
   (You bought it in a shop on level 2 of the Orcish Mines)

   It affects your dexterity (+3).
   It insulates you from electricity.
   It protects you from poison.
   It affects your resistance to hostile enchantments.
 y - a +2 plate armour of positive energy
 J - a +0 cloak (worn)
 Q - a +1 plate armour of magic resistance
 X - a +2 pair of boots of running (worn)
 Y - a +0 plate armour of poison resistance (worn)
 Z - a +1 hat of magic resistance (worn)
Jewellery
 x - a +2 ring of protection (left hand)
 F - an uncursed ring of resist corrosion
 U - an amulet of faith (around neck)
 W - a ring of see invisible (right hand)
Wands
 k - a wand of heal wounds (4/9)
 A - a wand of teleportation (7/9)
 S - a wand of teleportation (3/9)
Scrolls
 d - 2 scrolls of fog
 g - 2 scrolls of identify
 h - 11 scrolls of teleportation
 j - 6 scrolls of recharging
 n - 12 scrolls of remove curse
 o - 3 scrolls of blinking
 G - 2 scrolls of brand weapon
 H - a scroll of silence
 I - 2 scrolls of fear
 K - 4 scrolls of immolation
 M - a scroll of vulnerability
 N - 4 scrolls of magic mapping
 O - 3 scrolls of enchant weapon
Potions
 a - 2 potions of invisibility
 e - 2 potions of heal wounds
 i - 4 potions of berserk rage
 l - 6 potions of lignification
 m - 4 potions of agility
 r - 3 potions of cure mutation
 s - a potion of magic
 t - 5 potions of curing
 u - 4 potions of might
 w - 3 potions of ambrosia
 C - 4 potions of resistance
 E - 5 potions of haste
Comestibles
 c - 9 bread rations
 z - 5 fruits
 B - 3 slices of pizza
 T - 2 beef jerkies


   Skills:
 - Level 20.0 Fighting
 - Level 22.1 Axes
 - Level 9.0 Armour
 - Level 11.2 Dodging
 + Level 3.6 Stealth


You had 15 spell levels left.
You didn't know any spells.

Dungeon Overview and Level Annotations

Branches:
Dungeon (15/15)            Temple (0/1) D:4            Lair (6/6) D:9
 Shoals (0/4) Lair:3       Spider (1/4) Lair:3        Slime (0/5) Lair:5
    Orc (2/2) D:11            Elf (0/3) Orc:2        Vaults (0/5) D:13
 Depths (0/5) D:15

Altars:
Dithmenos
Gozag
Hepliaklqana
Okawaru
Qazlal
Ru
Sif Muna
Trog
Uskayaw
Vehumet
Xom
Yredelemnul

Shops:
D:4 [   D:13 *   Orc:2 :(*[(

Annotations:
Lair:5 exclusion: 4 oklob plants
Spider:1 Nikola


Innate Abilities, Weirdness & Mutations

You reflexively headbutt those who attack you in melee.
You have a pair of horns on your head.
You have large cloven feet.
You are partially covered in large bone plates. (SH +4)
You are somewhat resistant to further mutation.
You are weak. (Str -2)
Your spells are a little harder to cast, but a little more powerful.


Message History

You slice Nikola!! Your headbutt misses Nikola.
Nikola is moderately wounded.
The orb of destruction hits you!
Nikola hits you with a rapier of electrocution!
The orb spider begins to weave its threads into a brightly glowing ball.
You hit Nikola but do no damage. You headbutt Nikola.
Nikola is moderately wounded.
Nikola mumbles some strange words.
You hear a mighty clap of thunder!
The lightning arc hits you!
The lightning arc hits Nikola.
The lightning arc hits you!
The lightning arc hits Nikola.
The lightning arc hits you!
* * * LOW HITPOINT WARNING * * *
The orb spider weaves a glowing orb of energy.
An orb of destruction comes into view.
The orb spider spins a strand of pure energy.
There is a crawl-hole back to the Lair, spattered with blood here.
You see here a glowing battleaxe {god gift}.
The orb of destruction hits you!
You die...

...s...s.....#......#
......s.##..........#
........###........##
.........##s§.....##
.#.......^...§..###
..#...#.......§##
.#.†#......##..§###
..........####.§#.## ###
..........#.#...@.^######### ##..
........#...#.......##)..#.# #..#
.................#.........# #...
.#..#.#....................####..
..................##.......#.....
.....##.^......#..#............^.
......^.#..#.....###............#
...#.........#....#..............
...#......................#....##


You could see an orb spider.

Vanquished Creatures
  Rupert (Lair:3)
  Gastronok (Lair:2)
  Kirke (Lair:3)
  Agnes (D:15)
  An emperor scorpion (Lair:3)
  Louise (D:14)
  An orc warlord (Orc:2)
  2 entropy weavers (Lair:3)
  Azrael (Lair:3)
  The ghost of Philosophy the Warrior, a journeyman MiHu of Okawaru (D:12)
  An ettin (D:12)
  A deep elf high priest (D:12)
  A fire dragon (D:15)
  A minotaur (Lab)
  An ice dragon (D:15)
  A vault guard (D:13)
  9 hydras
  An ogre mage (D:12)
  A catoblepas (Lair:6)
  9 centaur warriors
  A merfolk avatar (Lair:6)
  4 orc high priests
  Nergalle (Lair:3)
  2 skeletal warriors (Volcano)
  A sea snake (Lair:6)
  An unseen horror (D:14)
  A wizard (D:14)
  A deep troll (D:13)
  A lindwurm (Lair:5)
  8 hill giants
  Pikel (D:5)
  A harpy (Lair:6)
  2 anaconda skeletons (Volcano)
  A phantasmal warrior (D:13)
  2 orb spiders
  3 orc knights (Orc:2)
  4 orc sorcerers (Orc:2)
  2 deep elf magi
  2 wolf spiders
  4 cyclopes
  18 ugly things
  6 manticores
  8 black mambas
  Psyche (D:13)
  16 elephants (Lair:6)
  9 spiny frogs
  2 torpor snails
  A centaur skeleton (D:13)
  11 gargoyles
  A kobold demonologist (D:12)
  4 rime drakes
  11 komodo dragons
  An efreet (D:9)
  2 demonic crawlers
  6 jumping spiders
  2 tengu conjurers
  A wind drake (shapeshifter) (D:13)
  6 meliai (D:12)
  A queen bee (D:12)
  6 trolls
  5 polar bears
  A wind drake (Lair:6)
  2 two-headed ogres
  8 blink frogs
  8 hornets
  7 hippogriffs
  23 slime creatures
  3 flying skulls (Volcano)
  10 redbacks
  3 water elementals (D:15)
  5 wyverns
  A vampire (D:15)
  4 hogs
  A shadow (D:13)
  2 wraiths (D:15)
  A spriggan (D:13)
  6 tarantellas
  2 basilisks
  2 alligator skeletons (Volcano)
  3 fire elementals
  25 yaks
  4 vampire mosquitoes
  2 hungry ghosts (D:9)
  2 mottled dragons
  A soldier ant (D:15)
  5 wargs
  Edmund (D:5)
  2 hell hounds
  14 water moccasins
  7 porcupines
  34 orc warriors
  An ice beast (D:11)
  2 phantoms
  An eye of draining (D:13)
  4 sky beasts
  3 wolves (Lair:3)
  13 ogres
  An ogre (shapeshifter) (D:15)
  2 necrophages
  12 centaurs
  14 crocodiles
  7 big kobolds
  13 bullfrogs
  6 scorpions
  A water moccasin skeleton (D:6)
  42 killer bees
  2 electric eels
  4 troll skeletons (Volcano)
  A vampire bat (D:4)
  10 wights
  4 howler monkeys
  2 spriggan skeletons
  7 crimson imps
  5 centaur zombies
  3 bullfrog skeletons
  6 hounds
  30 orc priests
  5 jellies
  6 iguanas
  10 worker ants
  33 orc wizards
  A killer bee zombie (D:6)
  2 naga skeletons (Volcano)
  3 ogre skeletons (Lab)
  A worker ant zombie (D:9)
  A howler monkey skeleton (D:5)
  10 adders
  3 gnolls (D:9)
  3 shadow imps
  3 worms
  A dart slug (D:1)
  3 fire bats (D:4)
  3 leopard geckos
  84 orcs
  2 spectral bats (D:4)
  14 bats
  3 bat skeletons (D:4)
  A bat zombie (D:4)
  4 giant cockroaches
  6 hobgoblins
  7 jackals
  24 kobolds
  5 quokkas
  A bat simulacrum (D:4)
  3 frilled lizards
  5 goblins
  2 quokka skeletons
  3 rats
  A spectral orc (D:5)
  A fungus (Lair:1)
  10 plants
847 creatures vanquished.

Vanquished Creatures (others)
  A wolf spider (Spider:1)
  A tarantella (Spider:1)
  A redback (Spider:1)
  3 humans (Spider:1)
  An orc wizard (Orc:2)
  4 fungi
  22 plants
33 creatures vanquished.

Grand Total: 880 creatures vanquished

Notes
Turn   | Place    | Note
-------+----------+-------------------------------------------
     0 | D:1      | McCoppin the Minotaur Berserker began the quest for the Orb.
     0 | D:1      | Reached XP level 1. HP: 19/19 MP: 0/0
   214 | D:1      | Found an iron altar of Okawaru.
   272 | D:2      | Reached skill level 4 in Axes
   272 | D:2      | Reached XP level 2. HP: 27/27 MP: 1/1
   286 | D:2      | Reached XP level 3. HP: 26/34 MP: 2/2
  1029 | D:3      | Found a shimmering altar of Xom.
  1073 | D:3      | Reached ** piety under Trog
  1101 | D:3      | Reached skill level 5 in Fighting
  1183 | D:3      | Reached XP level 4. HP: 42/42 MP: 3/3
  1219 | D:3      | Reached skill level 5 in Axes
  1381 | D:4      | Noticed a centaur
  1383 | D:4      | Noticed an ogre
  1403 | D:4      | Killed an ogre
  1403 | D:4      | Reached XP level 5. HP: 50/50 MP: 4/4
  1405 | D:4      | Killed a centaur
  1405 | D:4      | Reached skill level 6 in Axes
  1428 | D:4      | Found a staircase to the Ecumenical Temple.
  1442 | D:4      | Noticed an ogre
  1448 | D:4      | Killed an ogre
  1448 | D:4      | Reached XP level 6. HP: 23/58 MP: 5/5
  1572 | D:4      | Found Sejo's Armour Boutique.
  1580 | D:4      | Bought a +0 pair of gloves for 58 gold pieces
  1730 | D:5      | Entered Level 5 of the Dungeon
  1741 | D:5      | Reached skill level 7 in Axes
  1745 | D:5      | Found a stormy altar of Qazlal.
  1776 | D:5      | Reached XP level 7. HP: 58/66 MP: 6/6
  1796 | D:5      | Got an encrusted bardiche
  1797 | D:5      | Identified the cursed +1 bardiche of Ravage {flame, Fragile Int+8 Dex+4} (You found it on level 5 of the Dungeon)
  2124 | D:5      | Reached skill level 8 in Axes
  2156 | D:5      | Reached *** piety under Trog
  2259 | D:5      | Noticed Edmund
  2265 | D:5      | Killed Edmund
  2265 | D:5      | Reached XP level 8. HP: 64/75 MP: 7/7
  2306 | D:5      | Noticed Pikel
  2314 | D:5      | Killed Pikel
  2314 | D:5      | Reached skill level 9 in Axes
  2335 | D:5      | Found a basalt altar of Yredelemnul.
  2446 | D:5      | Found a deep blue altar of Sif Muna.
  2599 | D:5      | Reached skill level 10 in Fighting
  2616 | D:6      | Reached skill level 10 in Axes
  2865 | D:6      | Found a hide-covered altar of Uskayaw.
  2923 | D:6      | Found a hazy altar of Hepliaklqana.
  2930 | D:6      | Found a stormy altar of Qazlal.
  2933 | D:6      | Found a bloodstained altar of Trog.
  3127 | D:7      | Found a radiant altar of Vehumet.
  3188 | D:7      | Found a sacrificial altar of Ru.
  3261 | D:7      | Reached XP level 9. HP: 85/86 MP: 8/8
  3305 | D:7      | Reached **** piety under Trog
  3787 | D:8      | Reached skill level 11 in Axes
  4002 | D:8      | You fall through a shaft for 2 floors!
  4002 | D:10     | Entered Level 10 of the Dungeon
  4017 | D:10     | Gained mutation: You have large cloven feet. [mutagenic meat]
  4018 | D:10     | Gained mutation: You are partially covered in rugged brown scales. (AC +1, +3% HP) [mutagenic meat]
  4019 | D:10     | Gained mutation: You are weak. (Str -2) [mutagenic meat]
  4020 | D:10     | Gained mutation: You are partially covered in large bone plates. (SH +4) [mutagenic meat]
  4021 | D:10     | Gained mutation: Your magical capacity is low. (-10% MP) [mutagenic meat]
  4178 | D:10     | Noticed Psyche
  4206 | D:10     | Reached skill level 12 in Axes
  4463 | D:10     | Reached XP level 10. HP: 42/101 MP: 8/8
  4920 | D:9      | Found a staircase to the Lair.
  4920 | D:9      | Found a shadowy altar of Dithmenos.
  5252 | D:9      | Reached ***** piety under Trog
  5256 | D:9      | Reached skill level 13 in Axes
  5294 | D:9      | Noticed a brown ugly thing
  5313 | D:9      | Killed a brown ugly thing
  5363 | D:9      | Noticed a manticore
  5383 | D:9      | Killed a manticore
  5716 | D:9      | Gained mutation: You can translocate small distances at will. [mutagenic meat]
  5718 | D:9      | Gained mutation: You are resistant to hostile enchantments. (MR+) [mutagenic meat]
  5719 | D:9      | Gained mutation: Your system is resistant to poisons. (rPois) [mutagenic meat]
  5720 | D:9      | Gained mutation: You are occasionally teleported next to monsters. [mutagenic meat]
  6017 | D:8      | Found an opulent altar of Gozag.
  6264 | Lair:1   | Entered Level 1 of the Lair of Beasts
  6307 | Lair:1   | Noticed a black mamba
  6312 | Lair:1   | Killed a black mamba
  6312 | Lair:1   | Reached skill level 14 in Axes
  6325 | Lair:1   | Reached XP level 11. HP: 105/113 MP: 8/8
  6486 | Lair:1   | Found a labyrinth entrance.
  6566 | Lab      | Entered a labyrinth
  7479 | Lab      | Noticed a minotaur
  7485 | Lab      | Killed a minotaur
  7488 | Lab      | Got a twisted flail {antimagic}
  7520 | Lair:1   | Identified a +2 pair of boots of running (You found it in a labyrinth)
  7525 | Lair:1   | Identified the +9 flail "Laexzod" {antimagic, rPois rF++ Str+4 Stlth-} (You took it off a minotaur in a labyrinth)
  7852 | Lair:2   | Noticed a five-headed hydra
  7859 | Lair:2   | Killed a five-headed hydra
  7943 | Lair:2   | Received a gift from Trog
  8224 | Lair:2   | Reached skill level 15 in Fighting
  8252 | Lair:2   | Noticed Gastronok
  8270 | Lair:2   | Killed Gastronok
  8270 | Lair:2   | Reached skill level 15 in Axes
  8270 | Lair:2   | Reached skill level 5 in Armour
  8572 | Lair:3   | Found a sacrificial altar of Ru.
  8645 | Lair:3   | Noticed Nergalle
  8654 | Lair:3   | Killed Nergalle
  8713 | Lair:3   | Reached XP level 12. HP: 105/125 MP: 9/9
  8771 | Lair:3   | Found a staircase to the Shoals.
  8811 | Lair:3   | Noticed a five-headed hydra
  8818 | Lair:3   | Killed a five-headed hydra
  9018 | Lair:3   | Found a hole to the Spider Nest.
  9176 | Lair:4   | Reached skill level 16 in Axes
  9199 | Lair:4   | Noticed an eight-headed hydra
  9207 | Lair:4   | Killed an eight-headed hydra
  9270 | Lair:4   | Noticed a seven-headed hydra
  9289 | Lair:4   | Killed a seven-headed hydra
  9714 | Lair:5   | Found a staircase to the Slime Pits.
 10069 | Lair:5   | Found a dark tunnel.
 10143 | Volcano  | Entered a volcano
 10216 | Volcano  | Received a gift from Trog
 10287 | Volcano  | HP: 4/128 [skeletal warrior/great sword of flaming (7)]
 10291 | Volcano  | HP: 1/192 [skeletal warrior/great sword of flaming (1)]
 10625 | Volcano  | Reached XP level 13. HP: 97/135 MP: 10/10
 10628 | Volcano  | Reached skill level 17 in Axes
 11217 | Lair:6   | Entered Level 6 of the Lair of Beasts
 12000 | Lair:6   | Reached skill level 18 in Axes
 12465 | Lair:6   | Received a gift from Trog
 12772 | Lair:6   | Reached XP level 14. HP: 138/148 MP: 11/11
 13071 | D:11     | Reached skill level 5 in Dodging
 13133 | D:11     | Reached ****** piety under Trog
 13173 | D:11     | Received a gift from Trog
 13445 | D:11     | Found a staircase to the Orcish Mines.
 13686 | D:12     | Received a gift from Trog
 14009 | D:12     | Reached skill level 19 in Axes
 14172 | D:12     | Noticed Philosophy's ghost (journeyman MiHu)
 14189 | D:12     | Killed Philosophy's ghost
 14670 | D:12     | Received a gift from Trog
 14689 | D:13     | Killed Psyche
 14838 | D:13     | Found a gate to the Vaults.
 15010 | D:13     | Lost mutation: Your magical capacity is low. (-10% MP) [mutagenic meat]
 15013 | D:13     | Lost mutation: You are occasionally teleported next to monsters. [mutagenic meat]
 15042 | D:13     | Found Sixackam's Assorted Antiques.
 15064 | D:13     | Bought a scroll of identify for 54 gold pieces
 15064 | D:13     | Bought a potion of heal wounds for 135 gold pieces
 15752 | D:14     | Received a gift from Trog
 15807 | D:14     | Reached XP level 15. HP: 122/159 MP: 14/14
 16201 | D:15     | Entered Level 15 of the Dungeon
 16238 | D:15     | Noticed Louise
 16468 | D:15     | Reached skill level 20 in Axes
 16483 | D:15     | Noticed Agnes
 16834 | D:14     | Killed Louise
 16836 | D:14     | Got a smoking large shield
 16875 | D:14     | Identified the +1 large shield of Qescheram {*Corrode rN++} (You took it off Louise on level 14 of the Dungeon)
 16895 | D:15     | Killed Agnes
 17027 | D:15     | HP: 5/159 [very large slime creature (51)]
 17515 | D:15     | Found a staircase to the Depths.
 18172 | D:15     | Gained mutation: You passively map a small area around you. [mutagenic meat]
 18246 | D:15     | Reached skill level 21 in Axes
 18285 | D:15     | Received a gift from Trog
 18315 | D:15     | Lost mutation: You are weak. (Str -2) [mutagenic meat]
 18780 | D:15     | Lost mutation: Your system is resistant to poisons. (rPois) [potion of cure mutation]
 18780 | D:15     | Lost mutation: You are resistant to hostile enchantments. (MR+) [potion of cure mutation]
 18780 | D:15     | Lost mutation: You are partially covered in rugged brown scales. (AC +1, +3% HP) [potion of cure mutation]
 18780 | D:15     | Lost mutation: You passively map a small area around you. [potion of cure mutation]
 18780 | D:15     | Lost mutation: You can translocate small distances at will. [potion of cure mutation]
 18833 | D:15     | Gained mutation: Your spells are a little harder to cast, but a little more powerful. [potion of mutation]
 18833 | D:15     | Gained mutation: You are somewhat resistant to further mutation. [potion of mutation]
 18834 | D:15     | Gained mutation: You are weak. (Str -2) [potion of mutation]
 18962 | Orc:1    | Entered Level 1 of the Orcish Mines
 19108 | Orc:1    | Reached skill level 10 in Dodging
 19137 | Orc:2    | Entered Level 2 of the Orcish Mines
 19160 | Orc:2    | Found Dydwun's Weapon Shoppe.
 19265 | Orc:2    | Found a staircase to the Elven Halls.
 19446 | Orc:2    | Received a gift from Trog
 19940 | Orc:2    | Reached XP level 16. HP: 133/162 MP: 15/15
 19953 | Orc:2    | Found Nuetyupp's General Store.
 19955 | Orc:2    | Found Echeituh's Book Shoppe.
 19957 | Orc:2    | Found Voudgh's Antique Armour Emporium.
 19957 | Orc:2    | Found Nienoom's Antique Weapon Emporium.
 19962 | Orc:2    | Bought a scroll of identify for 26 gold pieces
 19962 | Orc:2    | Bought a scroll of identify for 26 gold pieces
 19974 | Orc:2    | Bought a crude plate armour for 504 gold pieces
 20046 | Orc:2    | Identified the cursed +1 plate armour of Lugonu's Anger {rN++ Regen+ Int+4 Dex-5} (You bought it in a shop on level 2 of the Orcish Mines)
 20060 | Orc:2    | Bought a jasper-encrusted chain mail for 171 gold pieces
 20073 | Orc:2    | Identified the +1 chain mail of the Forest {rElec rPois MR- Dex+3} (You bought it in a shop on level 2 of the Orcish Mines)
 20300 | Orc:2    | Received a gift from Trog
 20313 | Orc:2    | Got a translucent battleaxe {god gift}
 20314 | Orc:2    | Identified the +7 battleaxe of Imek {distort, +Blink rPois rN+ Int+3} (Trog gifted it to you on level 2 of the Orcish Mines)
 20847 | Spider:1 | Entered Level 1 of the Spider Nest
 20847 | Spider:1 | Noticed Kirke
 20893 | Lair:3   | Killed Kirke
 21162 | Spider:1 | Noticed Rupert
 21203 | Lair:3   | Reached skill level 22 in Axes
 21208 | Lair:3   | Killed Rupert
 21814 | Spider:1 | Received a gift from Trog
 21888 | Spider:1 | Reached skill level 1 in Stealth
 22023 | Spider:1 | Noticed Azrael
 22029 | Spider:1 | Noticed Nikola
 22519 | Lair:3   | Killed Azrael
 22847 | Spider:1 | Blown up by an orb spider

Skill      XL: |  1  2  3  4  5  6  7  8  9 10 11 12 13 14 15 16 |
---------------+-------------------------------------------------+-----
Fighting       | 4 5 6 7 8 10 12 14 15 17 18 19 20 | 20.0
Axes           | 4 5 6 7 8 10 12 14 15 16 18 19 21 22 | 22.1
Armour         | 5 7 9 |  9.0
Dodging        | 4 7 10 11 | 11.2
Stealth        | 3 |  3.6

Action                   |  1- 3 |  4- 6 |  7- 9 | 10-12 | 13-15 | 16-18 || total
-------------------------+-------+-------+-------+-------+-------+-------++-------
Melee: Hand axe          |    69 |    69 |     4 |       |       |       ||   142
       Headbutt          |    12 |     6 |    47 |   115 |   165 |    34 ||   379
       Bardiche          |       |       |   188 |       |       |       ||   188
       Broad axe         |       |       |    52 |   253 |       |       ||   305
       Kick              |       |       |    18 |    72 |       |       ||    90
       Battleaxe         |       |       |       |   174 |    20 |       ||   194
       Flail             |       |       |       |    35 |       |       ||    35
       Executioner's axe |       |       |       |    18 |   868 |   175 ||  1061
Invok: Trog's Hand       |       |     1 |       |     6 |     9 |     3 ||    19
       Berserk           |       |     1 |       |     4 |     9 |     3 ||    17
       Burn Spellbooks   |       |       |     1 |       |       |       ||     1
       Brothers in Arms  |       |       |       |       |       |     1 ||     1
  Use: Scroll            |       |       |     8 |     7 |    12 |     2 ||    29
       Potion            |       |       |       |     2 |    12 |     2 ||    16
 Stab: Petrified         |       |       |       |       |     1 |       ||     1
  Eat: Chunk             |     1 |     3 |    10 |    18 |    18 |     7 ||    57
       Bread ration      |       |       |     1 |     1 |     2 |     1 ||     5
       Fruit             |       |       |     1 |     3 |     1 |     2 ||     7
       Beef jerky        |       |       |       |     2 |       |       ||     2
       Royal jelly       |       |       |       |     1 |       |       ||     1
       Meat ration       |       |       |       |       |     4 |       ||     4
       Pizza             |       |       |       |       |     1 |       ||     1
Armor: Chain mail        |    49 |    69 |   136 |    91 |       |       ||   345
       Plate armour      |       |       |       |   209 |   675 |   202 ||  1086
Dodge: Dodged            |    47 |    39 |   109 |   158 |   421 |   136 ||   910
Block: Other             |       |       |     4 |    79 |   141 |    43 ||   267
